 Dungeon Crawl Stone Soup version 0.28.0 (webtiles) character file.

Game seed: 16639669700749428049

9928 MacCMillion the Summoner (level 11, 55/55 HPs)
             Began as a Felid Summoner on Feb 16, 2022.
             Was an Initiate of Gozag.
             Quit the game in a Gauntlet on Feb 17, 2022.
             The game lasted 01:19:40 (19139 turns).

MacCMillion the Summoner (Felid Summoner)          Turns: 19139, Time: 01:19:40

Health: 55/55      AC:  3    Str:  4    XL:     11   Next: 29%
Magic:  25/25      EV: 26    Int: 26    God:    Gozag
Gold:   343        SH:  0    Dex: 18    Spells: 3/16 levels left
                                        Lives:  0   Deaths: 3

rFire   . . .      SeeInvis +   (weapon unavailable)
rCold   + . .      Faith    .   (shield unavailable)
rNeg    . . .      Spirit   .   (armour unavailable)
rPois   .          Reflect  .   (helmet unavailable)
rElec   .          Harm     .   (cloak unavailable)
rCorr   .          Rampage  .   (gloves unavailable)
Will    +....      NoTele   +   (boots unavailable)
Stlth   ++........              r - amulet of magic regeneration
HPRegen 0.18/turn               a - ring of magical power
MPRegen 0.59/turn               A - +6 ring of intelligence

@: quick
A: very small, claws 1, fangs 3, see invisible, speed 1, shaggy fur 3, stealthy
paws, no weapons or thrown items, no armour, multi-lived
a: Renounce Religion, Potion Petition, Call Merchant, Bribe Branch


You were in a Gauntlet.
You worshipped Gozag.
Gozag was aware of your devotion.
You visited 3 branches of the dungeon, and saw 15 of its levels.
You also visited: Gauntlet.

You collected 2277 gold pieces.
You spent 56 gold pieces at shops.
You paid 1878 gold pieces to Gozag.

Inventory:

Jewellery
 a - a ring of magical power (left paw)
 c - an amulet of the acrobat
 g - an amulet of regeneration
 o - a ring of flight
 r - an amulet of magic regeneration (around neck)
 v - a ring of resist corrosion
 A - a +6 ring of intelligence (right paw)
Wands
 f - a wand of digging (8)
 i - a wand of iceblast (9)
 n - a wand of flame (19)
 D - a wand of acid (8)
 L - a wand of paralysis (5)
Scrolls
 d - 2 scrolls of torment
 e - a scroll of fear
 h - a scroll of holy word
 k - a scroll of amnesia
 l - 2 scrolls of vulnerability
 m - a scroll of enchant armour {unknown}
 q - 3 scrolls of teleportation
 t - 2 scrolls of silence {unknown}
 u - a scroll of summoning
 x - 3 scrolls of blinking {unknown}
 y - 3 scrolls of magic mapping {unknown}
 B - 3 scrolls of fog {unknown}
 C - a scroll of immolation {unknown}
Potions
 b - 2 potions of flight
 j - 3 potions of lignification
 p - 6 potions of curing
 s - a potion of haste
 w - a potion of degeneration
 z - 2 potions of mutation
 E - a potion of resistance
 F - a potion of experience
 G - 3 potions of heal wounds {unknown}
 H - a potion of magic {unknown}
 I - 2 potions of might {unknown}
 K - a potion of invisibility {unknown}


   Skills:
 + Level 11.0 Fighting
 - Level 12.0 Dodging
 - Level 3.0 Stealth
 - Level 3.0 Spellcasting
 - Level 3.0 Conjurations
 - Level 5.0 Hexes
 - Level 14.0 Summonings
 - Level 10.0 Air Magic
 - Level 3.0 Evocations


You had 3 spell levels left.
You knew the following spells:

 Your Spells              Type           Power      Damage    Failure   Level
b - Call Canine Familiar  Summ           67%        N/A       1%          3
c - Summon Guardian Gole  Hex/Summ       52%        N/A       1%          3
d - Mephitic Cloud        Conj/Pois/Air  26%        N/A       4%          3
e - Summon Lightning Spi  Summ/Air       60%        N/A       1%          4

Your spell library contained the following spells:

 Spells                   Type           Power      Damage    Failure   Level
 Summon Small Mammal      Summ           100%       N/A       1%          1
 Call Imp                 Summ           67%        N/A       1%          2
 Ensorcelled Hibernation  Hex/Ice        32%        N/A       4%          2
 Ignite Poison            Fire/Tmut/Pois 3%         N/A       28%         3
 Spider Form              Tmut/Pois      3%         N/A       28%         3
 Anguish                  Hex/Necr       8%         N/A       32%         4
 Freezing Cloud           Conj/Ice/Air   13%        6-21      41%         5


Dungeon Overview and Level Annotations

Branches:
Dungeon (10/15)            Temple (1/1) D:6            Lair (4/6) D:10
 Shoals (0/4) Lair:3        Snake (0/4) Lair:2          Orc (0/2) D:10
Gauntlet (1/1)

Altars:
Ashenzari
Cheibriados
Dithmenos
Elyvilon
Fedhas
Gozag
Hepliaklqana
Kikubaaqudgha
Makhleb
Nemelex Xobeh
Okawaru
Qazlal
Ru
Sif Muna
Trog
Uskayaw
Vehumet
Wu Jian
Xom
Yredelemnul
Zin
The Shining One

Shops:
D:3 ?   Lair:3 =:

Annotations:
D:4 1 runed translucent door, Akaron's ghost, amateur OpBr
D:7 2 transporters, 1 runed translucent door, exclusion: 2 doors, Crazy Yiuf; MrOwl's ghost, novice HOFi Gauntlet 7 transporters


Innate Abilities, Weirdness & Mutations

You have sharp claws.
You have razor-sharp teeth.
You have supernaturally acute eyesight. (SInv)
You cover ground quickly. (Speed+)
Your thick and shaggy fur keeps you warm. (AC +3, rC+)
Your paws help you pounce on unaware monsters.
You are incapable of wielding weapons or throwing items.
You cannot wear armour.
You gain extra lives every three experience levels.


Message History

Flame seeps out of your guardian golem.
The blizzard demon barely misses your guardian golem.
Your guardian golem is engulfed in blazing flames.
Flame seeps out of your guardian golem.
Your guardian golem is engulfed in blazing flames.
Your guardian golem disappears in a puff of smoke!
Your guardian golem explodes!
The fiery explosion engulfs your warg!!!
The fiery explosion engulfs the blizzard demon!!!
The blizzard demon is burned terribly!
The blizzard demon is engulfed in blazing flames.
The blizzard demon gestures at you.
You hear a sizzling sound!
Your warg is engulfed in blazing flames.
Your warg misses the blizzard demon.
You are engulfed in freezing vapours.
You resist.
Your warg is engulfed in blazing flames.
Your warg dies!
Your warg's corpse disappears in a puff of smoke!
The blizzard demon is engulfed in blazing flames.
The blizzard demon waves its arms in wide circles.
The air twists around and strikes you!!
* * * LOW HITPOINT WARNING * * *
You are engulfed in freezing vapours.
You resist.
You die...
The blizzard demon is engulfed in blazing flames.
The blizzard demon dies!
You are now level 11!
You rejoin the land of the living...
Your Fighting skill increases to level 11!
Unknown command.
Unknown command.
Autopickup is now off.
Are you sure you want to abandon this character and quit the game? (Confirm with "yes".)
Okay, then.
Level annotation: 7 transporters Welcome back, MacCMillion the Felid Summoner.
Gozag says: Greed is good.
Press ? for a list of commands and other information.
Are you sure you want to abandon this character and quit the game? (Confirm with "yes".)

#...#..#©...#©..
#.8.#..#xX.#.#..
#...#..#xx#...#. #.#
#.8.#..#X#.X...# #.#
###...#..##xxX.... #.#
#.#...#.§######### #.#
#.#.©.#≈§......... #.#
#.....#§§......... #.#
#@#.©.#≈.......... #.#
#.#...#..######### #.#
#.#...#..#3....... #.####
#.#.8.#..#3##.##.#
#....######.#...#..#?#..#..#
####........#.8.#..#"#.##.##
##########...#..#©..#©.#.
#≈8≈#..#..##.##.
#####..#?3#..^..


There were no monsters in sight!

Vanquished Creatures
  A blink frog (Lair:3)
  A warg (D:10)
  A centaur (D:8)
  4 electric eels (D:8)
  A lava snake (D:7)
  An orc wizard (D:5)
  A gnoll (D:6)
  An orc (D:4)
  4 bats
  A giant cockroach (D:1)
  A kobold (D:2)
17 creatures vanquished.

Vanquished Creatures (collateral kills)
  2 hydras
  A catoblepas (Lair:3)
  A two-headed ogre (D:8)
  3 death yaks (D:10)
  Pikel (D:7)
  4 elephants (Lair:2)
  A torpor snail (Lair:3)
  A black mamba (Lair:1)
  3 komodo dragons
  5 cane toads
  A troll (D:10)
  10 blink frogs (Lair:3)
  2 flying skulls (Gauntlet)
  A shadow (D:10)
  Eustachio (D:6)
  A wyvern (D:10)
  42 yaks
  A wraith (D:9)
  2 wargs (D:10)
  3 nagas (Lair:2)
  An acid dragon (D:10)
  9 water moccasins
  An ice beast (D:7)
  2 sky beasts
  3 black bears
  A necrophage (D:7)
  4 orc warriors
  10 wolves
  6 centaurs
  2 ogres
  3 lemures (D:7)
  11 bullfrogs
  A gnoll sergeant (D:9)
  2 scorpions (D:5)
  A water moccasin zombie (D:6)
  A wyvern skeleton (D:3)
  Dowan (D:6)
  A water moccasin skeleton (D:6)
  15 killer bees
  A jelly (D:8)
  4 orc priests
  A bullfrog skeleton (D:6)
  A centaur skeleton (D:3)
  A centaur zombie (D:8)
  3 hounds
  2 iguanas
  Natasha (thrice) (D:3)
  7 orc wizards
  2 killer bee zombies
  A hound skeleton (D:3)
  5 gnolls
  2 adders
  2 shadow imps
  2 white imps (Gauntlet)
  An adder zombie (D:3)
  3 worms
  3 dart slugs
  25 orcs
  8 endoplasms
  2 giant cockroaches
  9 goblins
  8 hobgoblins
  7 kobolds
  3 quokkas
  10 ball pythons
  A ball python zombie (D:3)
  5 bats
  3 frilled lizards
  A quokka skeleton (D:3)
  5 rats
292 creatures vanquished.

Vanquished Creatures (others)
  A blizzard demon (Gauntlet)
  2 hydras
  3 death yaks
  A wizard (Gauntlet)
  An elephant (Lair:2)
  A cane toad (Lair:1)
  A torpor snail (Gauntlet)
  A komodo dragon (Lair:1)
  An ice devil (Gauntlet)
  A polar bear (Lair:1)
  A blink frog (Lair:3)
  A hornet (D:9)
  2 flying skulls (Gauntlet)
  5 yaks
  A warg (D:10)
  Duvessa (D:6)
  A water moccasin (Lair:1)
  An orc warrior (D:4)
  3 wolves
  An ogre (D:5)
  A bullfrog (Lair:4)
  A gnoll sergeant (D:6)
  3 wights (D:5)
  A mummy (D:5)
  2 gnolls
  An orc (D:3)
  6 fungi
  12 plants
  3 withered plants (D:3)
60 creatures vanquished.

Grand Total: 369 creatures vanquished

Notes
Turn   | Place    | Note
-------+----------+-------------------------------------------
     0 | D:1      | MacCMillion the Felid Summoner began the quest for the Orb.
     0 | D:1      | Reached XP level 1. HP: 7/7 MP: 4/4
   560 | D:1      | Reached XP level 2. HP: 11/11 MP: 6/6
  1056 | D:1      | Found a faded altar of an unknown god.
  1060 | D:1      | Reached XP level 3. HP: 13/14 MP: 7/7
  1064 | D:1      | Learned a level 3 spell: Call Canine Familiar
  1817 | D:2      | You fall into a shaft and drop 1 floor!
  1837 | D:3      | Reached skill level 5 in Summonings
  1837 | D:3      | Reached XP level 4. HP: 7/18 MP: 9/9
  1874 | D:3      | Found a shadowy altar of Dithmenos.
  2045 | D:3      | Reached XP level 5. HP: 21/21 MP: 10/10
  2051 | D:3      | Learned a level 3 spell: Summon Guardian Golem
  2124 | D:3      | Reached skill level 1 in Hexes
  2279 | D:3      | Reached skill level 6 in Summonings
  2303 | D:3      | Noticed Natasha
  2769 | D:3      | Killed Natasha
  3101 | D:3      | Found Fiasy's Magic Scroll Shoppe.
  3201 | D:3      | Noticed Natasha
  3210 | D:3      | Killed Natasha
  3211 | D:3      | Gained mutation: You are covered in thick fur. (AC +2)
                  | [Felid growth]
  3211 | D:3      | Reached XP level 6. HP: 24/24 MP: 11/11
  3315 | D:4      | Noticed an orc warrior
  3360 | D:3      | Noticed Natasha
  3372 | D:3      | Killed Natasha
  3552 | D:4      | Found a runed translucent door.
  3718 | D:4      | Killed an orc warrior
  4007 | D:4      | Reached skill level 5 in Hexes
  4007 | D:4      | Reached skill level 7 in Summonings
  4007 | D:4      | Reached XP level 7. HP: 27/27 MP: 12/12
  4246 | D:4      | Found an iron altar of Okawaru.
  4574 | D:5      | Entered Level 5 of the Dungeon
  4844 | D:4      | Reached skill level 8 in Summonings
  5111 | D:4      | Noticed Akaron's ghost (amateur OpBr)
  5171 | D:5      | Learned a level 4 spell: Summon Lightning Spire
  5179 | D:5      | Reached skill level 1 in Air Magic
  5506 | D:5      | Found a snail-covered altar of Cheibriados.
  5583 | D:5      | Found a sacrificial altar of Ru.
  5615 | D:5      | Reached XP level 8. HP: 30/31 MP: 13/13
  5775 | D:5      | Found a blossoming altar of Fedhas.
  6047 | D:5      | Reached skill level 9 in Summonings
  6130 | D:6      | Noticed Duvessa
  6130 | D:6      | Noticed Dowan
  6373 | D:6      | Killed Duvessa
  6385 | D:6      | Killed Dowan
  7415 | D:3      | Bought a scroll of identify for 28 gold pieces
  7415 | D:3      | Bought a scroll of identify for 28 gold pieces
  7643 | D:6      | Found a staircase to the Ecumenical Temple.
  7651 | D:6      | Noticed Eustachio
  7652 | Temple   | Entered the Ecumenical Temple
  8020 | D:6      | Reached skill level 10 in Summonings
  8029 | D:6      | Killed Eustachio
  8030 | D:6      | Reached skill level 5 in Air Magic
  8030 | D:6      | Reached XP level 9. HP: 23/34 MP: 14/14
  8672 | D:7      | Noticed Pikel
  8698 | D:7      | Killed Pikel
  8969 | D:7      | Reached skill level 11 in Summonings
  9393 | D:7      | Found an ornate altar of the Wu Jian Council.
  9598 | D:8      | Found an ancient bone altar of Kikubaaqudgha.
  9859 | D:8      | Noticed a two-headed ogre
  9867 | D:8      | Killed a two-headed ogre
  9868 | D:8      | Reached XP level 10. HP: 37/37 MP: 15/15
  9932 | D:8      | HP: 1/37 [killer bee (4)]
  9933 | D:9      | Succumbed to a killer bee's poison
  9934 | D:9      | Reached XP level 9. HP: -1/34 MP: 21/23
 10594 | D:9      | Reached skill level 12 in Summonings
 10614 | D:9      | Reached skill level 1 in Fighting
 11728 | D:8      | Reached XP level 10. HP: 40/40 MP: 15/15
 11934 | D:8      | Reached skill level 5 in Dodging
 12356 | D:7      | Found a bloodstained altar of Trog.
 12363 | D:7      | Noticed a moth of wrath
 12442 | D:7      | Noticed MrOwl's ghost (novice HOFi)
 12445 | D:7      | Found a transporter.
 12447 | D:7      | Found a transporter.
 12510 | D:7      | Found a runed translucent door.
 12511 | D:7      | Noticed Crazy Yiuf
 12649 | D:10     | Entered Level 10 of the Dungeon
 12655 | D:10     | Reached skill level 1 in Evocations
 12688 | D:10     | Noticed a death yak
 12690 | D:10     | Noticed a death yak
 12694 | D:10     | Noticed a death yak
 12699 | D:10     | Noticed a death yak
 12701 | D:10     | Noticed a death yak
 12703 | D:10     | Killed a death yak
 12704 | D:10     | Killed a death yak
 12708 | D:10     | Killed a death yak
 12719 | D:10     | Killed a death yak
 12724 | D:10     | Killed a death yak
 12725 | D:10     | Reached XP level 11. HP: 35/46 MP: 16/16
 12785 | D:10     | Learned a level 3 spell: Mephitic Cloud
 12818 | D:10     | Found a white marble altar of Elyvilon.
 12820 | D:10     | Found a glowing golden altar of the Shining One.
 12822 | D:10     | Found a glowing silver altar of Zin.
 12949 | D:10     | Became a worshipper of Elyvilon the Healer
 12989 | D:10     | Found a hide-covered altar of Uskayaw.
 12990 | D:10     | Found an opulent altar of Gozag.
 12994 | D:10     | Fell from the grace of Elyvilon
 12994 | D:10     | Became a worshipper of Gozag Ym Sagoz the Greedy
 13132 | D:10     | Reached skill level 1 in Conjurations
 13326 | D:10     | Found a staircase to the Orcish Mines.
 13495 | D:10     | Found a staircase to the Lair.
 14189 | Lair:1   | Entered Level 1 of the Lair of Beasts
 14301 | Lair:1   | Reached skill level 5 in Fighting
 14304 | Lair:1   | Reached skill level 13 in Summonings
 14608 | Lair:1   | Noticed a five-headed hydra
 14647 | Lair:1   | Killed a five-headed hydra
 14648 | Lair:1   | Reached skill level 10 in Air Magic
 15145 | Lair:1   | Gained mutation: Your thick and shaggy fur keeps you warm.
                  | (AC +3, rC+) [Felid growth]
 15145 | Lair:1   | Reached XP level 12. HP: 50/53 MP: 17/17
 15848 | Lair:2   | Noticed a seven-headed hydra
 15855 | Lair:2   | Killed a seven-headed hydra
 16072 | Lair:2   | Reached skill level 10 in Dodging
 16088 | Lair:2   | Found a staircase to the Snake Pit.
 16253 | Lair:2   | Reached skill level 14 in Summonings
 17208 | Lair:3   | Noticed an eight-headed hydra
 17226 | Lair:3   | Killed an eight-headed hydra
 17268 | Lair:3   | Found a staircase to the Shoals.
 17379 | Lair:3   | Noticed a catoblepas
 17391 | Lair:3   | Killed a catoblepas
 18001 | Lair:3   | Reached XP level 13. HP: 61/61 MP: 18/18
 18209 | Lair:3   | Reached skill level 10 in Fighting
 18508 | Lair:4   | Found a gate leading to a gauntlet.
 18520 | Gauntlet | Entered a Gauntlet
 18520 | Gauntlet | Found a transporter.
 18520 | Gauntlet | Found a transporter.
 18538 | Gauntlet | Found a transporter.
 18540 | Gauntlet | Found a transporter.
 18550 | Gauntlet | Noticed a blizzard demon
 18552 | Gauntlet | Found a transporter.
 18554 | Gauntlet | Found a transporter.
 18564 | Gauntlet | Found a transporter.
 18585 | Gauntlet | Found a transporter.
 18602 | Gauntlet | Found a transporter.
 18606 | Gauntlet | Found a transporter.
 18620 | Gauntlet | Found a transporter.
 18620 | Gauntlet | Found a transporter.
 18805 | Gauntlet | Slain by a death yak
 18806 | Gauntlet | Reached XP level 12. HP: -1/59 MP: 25/26
 18813 | Gauntlet | Identified the +0 pair of gloves of Servitude {Contam rPois
                  | Dex+4 Stlth+}
 19122 | Gauntlet | HP: 2/59 [blizzard demon/the air (19)]
 19123 | Gauntlet | Engulfed by a blizzard demon's freezing vapour
 19123 | Gauntlet | Killed a blizzard demon
 19124 | Gauntlet | Reached XP level 11. HP: -7/55 MP: 13/25
 19139 | Gauntlet | Quit the game

Illustrated notes

Levels and vault maps discovered:
D:1:      dpeg_arrival_central, layout_loops_ring,
          shapermc_ecumenical_altar_mp_vishouse, hex_large
D:2:      layout_loops_cross, st_stairs_8
D:3:      layout_rooms, grunt_dithmenos_smoke_and_mirrors, serial_shops, shop,
          serial_undead, serial_undead_f, serial_undead_e, serial_undead_c,
          serial_undead_e, uniq_natasha
D:4:      layout_loops_ring, okawaru_gym_becter, ebering_ghost_reflecting_pool,
          hangedman_abyss_or_decor_passed
D:5:      layout_rooms, chei_slow_surprise, nicolae_ru_great_annihilating_truth,
          fedhas_altar_fruit_tree
D:6:      layout_cave_pools, minmay_temple_entry_mini_moons, uniq_duvessa,
          uniq_eustachio
D:7:      black_bear_nest_1, layout_basic, mainiacjoe_overflow_brackets,
          gammafunk_ghost_wrathful_warriors, serial_corexii_hall,
          chequers_hall_statues_wall_a, corexii_hall_statues_u, glass_columns_b,
          kennysheep_generic_room_2, uniq_pikel, uniq_crazy_yiuf_cottage
D:8:      layout_rooms, mainiacjoe_overflow_tiny_flanked, kennysheep_boxes
D:9:      layout_loops_corners
D:10:     layout_cross, good_gods_mini_temple, gammafunk_temple_overflow_statue,
          dpeg_lair_monsters, minmay_orc_entry_guard_dogs
Temple:   cyrus_temple_forest
Lair:1:   layout_cave_pods, grunt_megastairs_5
Lair:2:   layout_cave_shapes, minmay_snake_entry_guardpost_small
Lair:3:   layout_cave_shapes, elwin_shoals_entry_rocks, lemuel_old_faithful
Lair:4:   layout_cave_shapes, gauntlet_entry_generic,
          grunt_forest_small_clearing_treed, grunt_megastairs_2, uniq_rupert
Gauntlet: gammafunk_gauntlet_hard_choice [nicolae_gauntlet_arena_blocks,
          nicolae_gauntlet_arena_quarters, gammafunk_gauntlet_arena_teeth,
          gammafunk_gauntlet_arena_crates, nicolae_gauntlet_arena_x,
          nicolae_gauntlet_arena_grate_2, dreamdust_gauntlet_exit_labyrinth]

Skill      XL: |  1  2  3  4  5  6  7  8  9 10 11 12 13 |
---------------+----------------------------------------+-----
Stealth        | 3 |  3.0
Spellcasting   | 3 |  3.0
Summonings     | 5 6 7 8 10 12 13 14 | 14.0
Hexes          | 3 5 |  5.0
Air Magic      | 2 5 8 9 10 | 10.0
Dodging        | 4 6 9 12 | 12.0
Fighting       | 2 4 11 9 10 | 11.0
Evocations     | 3 |  3.0
Conjurations   | 3 |  3.0

Action                   |  1- 3 |  4- 6 |  7- 9 | 10-12 | 13-15 || total
-------------------------+-------+-------+-------+-------+-------++-------
Melee: Unarmed           |    20 |    21 |    53 |    26 |     5 ||   125
       Bite              |     1 |     3 |     7 |     5 |       ||    16
       Punch             |     1 |     1 |     2 |     1 |       ||     5
 Cast: Summon Small Mamm |    68 |    38 |    52 |     6 |     1 ||   165
       Call Canine Famil |     7 |    25 |    60 |    50 |    12 ||   154
       Summon Guardian G |       |     3 |    21 |    45 |     6 ||    75
       Summon Lightning  |       |       |    33 |    79 |     9 ||   121
       Mephitic Cloud    |       |       |       |     1 |       ||     1
Invok: Call Merchant     |       |       |       |       |     2 ||     2
Evoke: Wand              |       |       |       |    11 |       ||    11
  Use: Scroll            |       |       |     5 |     4 |     7 ||    16
       Potion            |       |       |       |       |     1 ||     1
 Stab: Distracted        |       |       |     3 |       |       ||     3
Armor: Skin              |     1 |     6 |    13 |     3 |     1 ||    24
Dodge: Dodged            |    42 |    40 |   142 |    87 |    22 ||   333
